MID
FORT WAYNE TINCAPS @ GREENSBORO GRASSHOPPERS
05/25/2048
 
TOP OF THE 1ST
Fort Wayne TinCaps batting - Pitching for Greensboro Grasshoppers : LHP Hideo Komatsu
Pitching: LHP Hideo Komatsu
Batting: SHB Detlef Oursler 0-0: Called Strike
0-1: Called Strike
0-2: Ball
1-2: Strikes out swinging
Batting: RHB Adrian Cook 0-0: Called Strike
0-1: Ball
1-1: Ball
2-1: SINGLE (Groundball, 34D, EV 105.0 MPH)
Batting: LHB Justin Alworth 0-0: Called Strike
Adrian Cook is caught stealing 2nd base 2-6
0-1: Ball
1-1: Ball
2-1: Ball
3-1: Called Strike
3-2: Fly out, F9 (Flyball, 9LM, EV 93.1 MPH)
Top of the 1st over - 0 runs, 1 hit, 0 errors, 0 left on base; Fort Wayne 0 - Greensboro 0
BOTTOM OF THE 1ST
Greensboro Grasshoppers batting - Pitching for Fort Wayne TinCaps : RHP Josh Thorne
Pitching: RHP Josh Thorne
Batting: RHB Harrie de Kam 0-0: Ball
1-0: Swinging Strike
1-1: Ball
2-1: Swinging Strike
2-2: Fly out, F8 (Flyball, 8RM, EV 81.9 MPH)
Batting: RHB Rafael Irizarry 0-0: Ball
1-0: Foul Ball, location: 2F
1-1: Foul Ball, location: 2F
1-2: Ball
2-2: Foul Ball, location: 2F
2-2: Ground out 4-3 (Groundball, 4, EV 76.9 MPH)
Batting: RHB Nate Crofts 0-0: Called Strike
0-1: Ball
1-1: Ball
2-1: Ball
3-1: Base on Balls
Batting: LHB Ryan Karg 0-0: Called Strike
0-1: DOUBLE (Line Drive, 78D, EV 107.5 MPH)
Nate Crofts to third
Runner from 3rd tries for Home, SAFE, throw by LF to home
Batting: LHB Angelo Estrella 0-0: Ball
1-0: Ball
2-0: Called Strike
2-1: Ground out 4-3 (Groundball, 4M, EV 80.0 MPH)
Bottom of the 1st over - 1 run, 1 hit, 0 errors, 1 left on base; Fort Wayne 0 - Greensboro 1
TOP OF THE 2ND
Fort Wayne TinCaps batting - Pitching for Greensboro Grasshoppers : LHP Hideo Komatsu
Batting: RHB Dave Cordero 0-0: Ball
1-0: Ball
2-0: SINGLE (Groundball, 56D, EV 98.8 MPH)
Batting: LHB Sean Trueblood 0-0: Fielders Choice at 2nd, 5-4 (Groundball, 5, EV 77.5 MPH)
Batting: LHB Chad Cutler 0-0: Swinging Strike
0-1: Swinging Strike
0-2: Strikes out looking
Batting: RHB Danny Gallegos 0-0: Ball
1-0: Ball
2-0: Ball
3-0: Base on Balls
Sean Trueblood to second
Batting: RHB Brian Klinkner 0-0: Ball
1-0: Foul Ball, location: 2F
1-1: Ball
2-1: Ball
3-1: Base on Balls
Sean Trueblood to third
Danny Gallegos to second
Batting: RHB Ricky Trejo 0-0: Foul Ball, location: 2F
0-1: Swinging Strike
0-2: Strikes out swinging
Top of the 2nd over - 0 runs, 1 hit, 0 errors, 3 left on base; Fort Wayne 0 - Greensboro 1
BOTTOM OF THE 2ND
Greensboro Grasshoppers batting - Pitching for Fort Wayne TinCaps : RHP Josh Thorne
Batting: LHB Justin Blakely 0-0: Ball
1-0: Ball
2-0: Ball
3-0: Base on Balls
Batting: RHB J.D. Vander Klok 0-0: Grounds into double play, 3-6-3 (Groundball, 3S, EV 88.8 MPH)
Batting: RHB Dennis Coppolino 0-0: Called Strike
0-1: Ball
1-1: Ground out 4-3 (Groundball, 4, EV 78.1 MPH)
Bottom of the 2nd over - 0 runs, 0 hits, 0 errors, 0 left on base; Fort Wayne 0 - Greensboro 1
TOP OF THE 3RD
Fort Wayne TinCaps batting - Pitching for Greensboro Grasshoppers : LHP Hideo Komatsu
Batting: SHB Detlef Oursler 0-0: Ball
1-0: Ball
2-0: Ball
3-0: Called Strike
3-1: Called Strike
3-2: Base on Balls
Batting: RHB Adrian Cook 0-0: Ball
1-0: Called Strike
Detlef Oursler steals 2nd base
1-1: Called Strike
1-2: Strikes out swinging, 2-3 out at first.
Batting: LHB Justin Alworth 0-0: Called Strike
0-1: Called Strike
0-2: Strikes out looking
Batting: RHB Dave Cordero 0-0: Ball
1-0: Foul Ball, location: 2F
1-1: Swinging Strike
1-2: Strikes out looking
Top of the 3rd over - 0 runs, 0 hits, 0 errors, 1 left on base; Fort Wayne 0 - Greensboro 1
BOTTOM OF THE 3RD
Greensboro Grasshoppers batting - Pitching for Fort Wayne TinCaps : RHP Josh Thorne
Batting: RHB Nick Dunton 0-0: Foul Ball, location: 2F
0-1: Ball
1-1: Fly out, F7 (Flyball, 7, EV 87.5 MPH)
Batting: RHB Harrie de Kam 0-0: Called Strike
0-1: Foul Ball, location: 2F
0-2: Strikes out swinging
Batting: RHB Rafael Irizarry 0-0: Foul Ball, location: 2F
0-1: Ground out 1-3 (Groundball, 13S, EV 68.1 MPH)
Bottom of the 3rd over - 0 runs, 0 hits, 0 errors, 0 left on base; Fort Wayne 0 - Greensboro 1
TOP OF THE 4TH
Fort Wayne TinCaps batting - Pitching for Greensboro Grasshoppers : LHP Hideo Komatsu
Batting: LHB Sean Trueblood 0-0: Called Strike
0-1: Called Strike
0-2: Ball
1-2: Strikes out swinging
Batting: LHB Chad Cutler 0-0: SINGLE (Groundball, 6MD, EV 100.6 MPH)
Batting: RHB Danny Gallegos 0-0: Called Strike
0-1: Ball
1-1: Fielders Choice at 2nd, 6-4 (Groundball, 6, EV 76.9 MPH)
Batting: RHB Brian Klinkner 0-0: Called Strike
0-1: Foul Ball, location: 2F
0-2: Ball
1-2: Ball
2-2: Foul Ball, location: 2F
2-2: Ball
3-2: SINGLE (Groundball, 34D, EV 98.1 MPH)
Danny Gallegos to second
Danny Gallegos to third
Batting: RHB Ricky Trejo 0-0: Fly out, F7 (Flyball, 7S, EV 84.4 MPH)
Top of the 4th over - 0 runs, 2 hits, 0 errors, 2 left on base; Fort Wayne 0 - Greensboro 1
BOTTOM OF THE 4TH
Greensboro Grasshoppers batting - Pitching for Fort Wayne TinCaps : RHP Josh Thorne
Batting: RHB Nate Crofts 0-0: Foul Ball, location: 2F
0-1: Foul Ball, location: 2F
0-2: SINGLE (Groundball, 56D, EV 100.6 MPH)
Batting: LHB Ryan Karg 0-0: Ball
1-0: Ball
2-0: Called Strike
2-1: Ball
3-1: Fly out, F4 (Line Drive, 3D, EV 91.9 MPH)
Batting: LHB Angelo Estrella 0-0: Ball
1-0: Fly out, F6 (Popup, 4MS, EV 68.1 MPH)
Batting: LHB Justin Blakely 0-0: Ball
1-0: Ball
2-0: Called Strike
2-1: Fielders Choice at 2nd, U6 (Groundball, 4M, EV 104.4 MPH)
Bottom of the 4th over - 0 runs, 1 hit, 0 errors, 1 left on base; Fort Wayne 0 - Greensboro 1
TOP OF THE 5TH
Fort Wayne TinCaps batting - Pitching for Greensboro Grasshoppers : LHP Hideo Komatsu
Batting: SHB Detlef Oursler 0-0: Ball
1-0: Foul Ball, location: 2F
1-1: Foul Ball, location: 2F
1-2: Ball
2-2: Ground out 6-3 (Groundball, 56, EV 84.4 MPH)
Batting: RHB Adrian Cook 0-0: Ball
1-0: Swinging Strike
1-1: Ball
2-1: Ball
3-1: Fly out, F9 (Flyball, 89S, EV 77.5 MPH)
Batting: LHB Justin Alworth 0-0: Ground out 5-3 (Groundball, 56, EV 81.2 MPH)
Top of the 5th over - 0 runs, 0 hits, 0 errors, 0 left on base; Fort Wayne 0 - Greensboro 1
BOTTOM OF THE 5TH
Greensboro Grasshoppers batting - Pitching for Fort Wayne TinCaps : RHP Josh Thorne
Batting: RHB J.D. Vander Klok 0-0: Called Strike
0-1: Ball
1-1: Ball
2-1: Ground out 3-1 (Groundball, 34, EV 87.5 MPH)
Batting: RHB Dennis Coppolino 0-0: Called Strike
0-1: Ball
1-1: Ground out 5-3 (Groundball, 56, EV 104.4 MPH)
Batting: RHB Nick Dunton 0-0: Ball
1-0: Ball
2-0: Ball
3-0: Base on Balls
Batting: RHB Harrie de Kam 0-0: Called Strike
0-1: Ground out 4-3 (Groundball, 4, EV 106.9 MPH)
Bottom of the 5th over - 0 runs, 0 hits, 0 errors, 1 left on base; Fort Wayne 0 - Greensboro 1
TOP OF THE 6TH
Fort Wayne TinCaps batting - Pitching for Greensboro Grasshoppers : LHP Hideo Komatsu
Batting: RHB Dave Cordero 0-0: Ball
1-0: Foul Ball, location: 2F
1-1: Foul Ball, location: 2F
1-2: SINGLE (Groundball, 6MD, EV 110.0 MPH)
Batting: LHB Sean Trueblood 0-0: Called Strike
0-1: SINGLE (Groundball, 4MD, EV 108.8 MPH)
Dave Cordero to second
Pinch Runner at 2nd Marcus Dawson:
Pinch Hitting: RHB Dustin Hartman 0-0: Ball
1-0: Ball
Marcus Dawson steals 3rd base
Sean Trueblood to second
2-0: Ball
3-0: Called Strike
3-1: Swinging Strike
3-2: DOUBLE (Line Drive, 7LS, EV 108.1 MPH)
Marcus Dawson scores
Sean Trueblood scores
Batting: RHB Danny Gallegos 0-0: Foul Ball, location: 2F
0-1: Ball
1-1: SINGLE (Groundball, 6S, EV 68.1 MPH) (infield hit)
Dustin Hartman to third
Batting: RHB Brian Klinkner 0-0: Ball
1-0: Called Strike
1-1: Swinging Strike
1-2: Strikes out swinging
Pitching: RHP Joe Lynn
Batting: RHB Ricky Trejo 0-0: Fly out, F7 (Flyball, 7, EV 83.1 MPH)
Batting: SHB Detlef Oursler 0-0: Called Strike
0-1: Ball
1-1: Ball
2-1: Foul Ball, location: 2F
2-2: Ball
3-2: Foul Ball, location: 2F
3-2: Foul Ball, location: 2F
3-2: Base on Balls
Danny Gallegos to second
Batting: RHB Adrian Cook 0-0: Fielders Choice at 2nd, 6-4 (Groundball, 6, EV 111.2 MPH)
Top of the 6th over - 2 runs, 4 hits, 0 errors, 3 left on base; Fort Wayne 2 - Greensboro 1
BOTTOM OF THE 6TH
Greensboro Grasshoppers batting - Pitching for Fort Wayne TinCaps : RHP Josh Thorne
Now at 2B: Detlef Oursler
Now at SS: Marcus Dawson
Now in LF: Adrian Cook
Now in RF: Tony Contreras
Batting: RHB Rafael Irizarry 0-0: Called Strike
0-1: Fly out, F9 (Flyball, 89D, EV 81.2 MPH)
Batting: RHB Nate Crofts 0-0: Called Strike
0-1: Called Strike
0-2: Ball
1-2: Foul Ball, location: 2F
1-2: Foul Ball, location: 2F
1-2: Strikes out looking
Batting: LHB Ryan Karg 0-0: Ball
1-0: Called Strike
1-1: Foul Ball, location: 2F
1-2: Foul Ball, location: 2F
1-2: Foul Ball, location: 2F
1-2: Ball
2-2: Fly out, F8 (Line Drive, 8RD, EV 91.9 MPH)
Bottom of the 6th over - 0 runs, 0 hits, 0 errors, 0 left on base; Fort Wayne 2 - Greensboro 1
TOP OF THE 7TH
Fort Wayne TinCaps batting - Pitching for Greensboro Grasshoppers : RHP Joe Lynn
Batting: LHB Justin Alworth 0-0: Ball
1-0: Ball
2-0: Foul Ball, location: 2F
2-1: Foul Ball, location: 2F
2-2: Ground out 6-3 (Groundball, 6, EV 100.6 MPH)
Batting: RHB Marcus Dawson 0-0: Ball
1-0: Foul Ball, location: 2F
1-1: Foul Ball, location: 2F
1-2: Foul Ball, location: 2F
1-2: Ground out 6-3 (Groundball, 6MD, EV 104.4 MPH)
Batting: LHB Sean Trueblood 0-0: Ball
1-0: Ball
2-0: Ground out 4-3 (Groundball, 4M, EV 99.4 MPH)
Top of the 7th over - 0 runs, 0 hits, 0 errors, 0 left on base; Fort Wayne 2 - Greensboro 1
BOTTOM OF THE 7TH
Greensboro Grasshoppers batting - Pitching for Fort Wayne TinCaps : RHP Josh Thorne
Pitching: RHP Ubbe Dekker
Batting: LHB Angelo Estrella 0-0: Ball
1-0: Ball
2-0: Swinging Strike
2-1: Swinging Strike
2-2: Strikes out looking
Batting: LHB Justin Blakely 0-0: Swinging Strike
0-1: Foul Ball, location: 2F
0-2: Ball
1-2: Foul Ball, location: 2F
1-2: Strikes out swinging
Batting: RHB J.D. Vander Klok 0-0: Swinging Strike
0-1: Called Strike
0-2: Ball
1-2: Strikes out looking
Bottom of the 7th over - 0 runs, 0 hits, 0 errors, 0 left on base; Fort Wayne 2 - Greensboro 1
TOP OF THE 8TH
Fort Wayne TinCaps batting - Pitching for Greensboro Grasshoppers : RHP Joe Lynn
Pitching: RHP Mike Yorke
Batting: LHB Tony Contreras 0-0: Called Strike
0-1: Called Strike
0-2: Ball
1-2: Foul Ball, location: 2F
1-2: Strikes out swinging
Batting: RHB Danny Gallegos 0-0: Ball
1-0: Ball
2-0: Called Strike
2-1: Called Strike
2-2: Ball
3-2: Base on Balls
Batting: RHB Brian Klinkner 0-0: Foul Ball, location: 2F
0-1: Hit by Pitch
Danny Gallegos to second
Batting: RHB Ricky Trejo 0-0: Called Strike
0-1: Ball
1-1: Called Strike
1-2: Foul Ball, location: 2F
1-2: Strikes out looking
Batting: SHB Detlef Oursler 0-0: Ball
1-0: Foul Ball, location: 2F
1-1: Called Strike
1-2: Ball
2-2: Foul Ball, location: 2F
2-2: Foul Ball, location: 2F
2-2: Ball
3-2: Base on Balls
Danny Gallegos to third
Brian Klinkner to second
Batting: RHB Adrian Cook 0-0: Called Strike
0-1: Foul Ball, location: 2F
0-2: Ball
1-2: Foul Ball, location: 2F
1-2: Strikes out swinging
Top of the 8th over - 0 runs, 0 hits, 0 errors, 3 left on base; Fort Wayne 2 - Greensboro 1
BOTTOM OF THE 8TH
Greensboro Grasshoppers batting - Pitching for Fort Wayne TinCaps : RHP Ubbe Dekker
Batting: RHB Dennis Coppolino 0-0: Fly out, F9 (Line Drive, 9, EV 90.6 MPH)
Batting: RHB Nick Dunton 0-0: Ball
1-0: Swinging Strike
1-1: Called Strike
1-2: Foul Ball, location: 2F
1-2: Ball
2-2: Reached on error, E6 (Groundball, 6M, EV 93.1 MPH)
Batting: RHB Harrie de Kam 0-0: Called Strike
0-1: Foul Ball, location: 2F
0-2: Strikes out swinging
Batting: RHB Rafael Irizarry 0-0: Swinging Strike
0-1: Swinging Strike
0-2: Ball
1-2: Foul Ball, location: 2F
1-2: Ball
2-2: Strikes out swinging
Bottom of the 8th over - 0 runs, 0 hits, 1 error, 1 left on base; Fort Wayne 2 - Greensboro 1
TOP OF THE 9TH
Fort Wayne TinCaps batting - Pitching for Greensboro Grasshoppers : RHP Mike Yorke
Pitching: RHP Bill Padgett
Batting: LHB Justin Alworth 0-0: Ball
1-0: Ball
2-0: SINGLE (Groundball, 6MD, EV 105.0 MPH)
Batting: RHB Marcus Dawson 0-0: Fly out, F9 (Line Drive, 9, EV 90.6 MPH)
Batting: LHB Sean Trueblood 0-0: Called Strike
0-1: Ball
1-1: Ball
2-1: Ball
3-1: Base on Balls
Justin Alworth to second
Pinch Runner at 2nd Cesar Arteaga:
Batting: LHB Tony Contreras 0-0: Called Strike
0-1: Hit by Pitch
Cesar Arteaga to third
Sean Trueblood to second
Batting: RHB Danny Gallegos 0-0: Ball
1-0: Grounds into fielders choice 6-2 (Groundball, 6S, EV 92.5 MPH)
Sean Trueblood to third
Tony Contreras to second
Batting: RHB Brian Klinkner 0-0: Called Strike
0-1: Ball
1-1: Ball
2-1: Ball
3-1: Called Strike
3-2: Ground out 6-3 (Groundball, 6, EV 83.1 MPH)
Top of the 9th over - 0 runs, 1 hit, 0 errors, 3 left on base; Fort Wayne 2 - Greensboro 1
BOTTOM OF THE 9TH
Greensboro Grasshoppers batting - Pitching for Fort Wayne TinCaps : RHP Ubbe Dekker
Pitching: RHP Mike Swenson
Batting: RHB Nate Crofts 0-0: Called Strike
0-1: Foul Ball, location: 2F
0-2: Ball
1-2: Ball
2-2: Foul Ball, location: 2F
2-2: Foul Ball, location: 2F
2-2: Foul Ball, location: 2F
2-2: SINGLE (Groundball, 4M, EV 98.8 MPH) (infield hit)
Batting: LHB Ryan Karg 0-0: Ball
1-0: Ball
2-0: Foul Ball, location: 2F
2-1: Ball
3-1: Foul Ball, location: 2F
3-2: Foul Ball, location: 2F
3-2: Fielders Choice at 2nd, 4-6 (Groundball, 4, EV 85.0 MPH)
Batting: LHB Angelo Estrella 0-0: Ball
1-0: Called Strike
1-1: Ball
2-1: Foul Ball, location: 2F
2-2: Ball
3-2: Foul Ball, location: 2F
3-2: Fly out, F9 (Flyball, 9S, EV 93.8 MPH)
Batting: LHB Justin Blakely 0-0: Swinging Strike
0-1: Ball
1-1: Foul Ball, location: 2F
1-2: Strikes out swinging
Bottom of the 9th over - 0 runs, 1 hit, 0 errors, 1 left on base; Fort Wayne 2 - Greensboro 1
Tuesday, March 28th , 2023 - OOTP Baseball 23.10 Build 110